AoeStats
← ErisFeet

Arabia

508809318Analyzed
1v1 RM · 9d ago on Sep 24, 2026· 21m 15s· 2 players
Game mode
Random Map
Map size
Tiny (2 player)
Population
200
Speed
Normal
Resources
Standard
Victory
Conquest
Starting age
Dark Age
Ending age
Imperial Age
RankedLock teamsTeams togetherTeam positionsShared explorationLock speedFull tech treeHidden civsTurbo modeCheats
Victory
Defeat
🇨🇦 Danes · Canada
1177
+15
🇹🇼 Wei · Taiwan
1164
-15
Oscar_Lee
7:05 Loom
9:22 Feudal Age
9:59 Double-Bit Axe
9:54 Horse Collar
16:16 Town Watch
17:07 Wheelbarrow
17:27 Gold Mining
17:28 Fletching
17:39 Padded Archer Armor
18:00 Bloodlines
22:34 Castle Age
ErisFeet
11:15 Feudal Age
14:59 Castle Age
12:46 Double-Bit Axe
16:55 Scale Mail Armor
17:53 Loom
18:38 Bow Saw
18:35 Arson
21:48 Wheelbarrow
Connection lost

Rejoining the realm…

Still unreachable

The connection could not be restored.

Session expired

The server has moved on; the page needs a fresh start.